 Dungeon Crawl Stone Soup version 0.26-a0-667-g92642533e4 (webtiles) character file.

Game seed: 2172222784903901489

12419 Birvald the Geomancer (level 11, -4/66 HPs)
             Began as a Gargoyle Earth Elementalist on Oct 16, 2020.
             Was an Elder of Vehumet.
             Slain by a boulder beetle (20 damage)
             ... on level 11 of the Dungeon.
             The game lasted 00:29:12 (10864 turns).

Birvald the Geomancer (GrEE)                       Turns: 10864, Time: 00:29:13

Health: -4/66      AC: 20    Str: 20      XL:     11   Next: 93%
Magic:  30/31      EV: 14    Int: 17 (19) God:    Vehumet [****..]
Gold:   1620       SH:  0    Dex: 11 (12) Spells: 16/25 levels left

rFire    + . .     SeeInvis .   q - +9 trident of Ebben {vamp, rElec rF+ rC- Stlth+}
rCold    x . .     Faith    .   (no shield)
rNeg     + . .     Spirit   .   s - +2 troll leather armour {Purgy}
rPois    ∞         Reflect  .   c - +0 helmet
rElec    +         Harm     .   (no cloak)
rCorr    .         Rampage  .   x - +0 pair of gloves
MR       .....                  G - +2 pair of boots
Stlth    +++.......             (no amulet)
HPRegen  0.61/turn              F - +6 ring of strength
MPRegen  0.22/turn              p - ring of magical power

@: no status effects
A: talons 1, agile 1, deterioration 1, negative energy resistance 1, electricity
resistance, strong 1, unbreathing, petrification resistance, rot immunity, AC +8
a: Renounce Religion


You were on level 11 of the Dungeon.
You worshipped Vehumet.
Vehumet was greatly pleased with you.
You visited 2 branches of the dungeon, and saw 12 of its levels.

You collected 1620 gold pieces.

Inventory:

Hand Weapons
 q - the +9 trident of Ebben (weapon) {vamp, rElec rF+ rC- Stlth+}
   (You found it on level 6 of the Dungeon)

   It inflicts no extra harm, but heals its wielder when it wounds a living foe.
   It protects you from fire.
   It makes you vulnerable to cold.
   It insulates you from electricity.
   It makes you more stealthy.
 J - a +0 morningstar
Missiles
 b - 218 stones (quivered)
 E - a throwing net
Armour
 c - a +0 helmet (worn)
 s - a +2 troll leather armour (worn) {Purgy}
 t - a +2 robe of fire resistance
 x - a +0 pair of gloves (worn)
 B - a +2 robe of cold resistance
 G - a +2 pair of boots (worn)
Magical Staves
 H - an uncursed staff of cold
Jewellery
 g - an uncursed ring of see invisible
 m - an uncursed ring of positive energy
 p - a ring of magical power (right hand)
 F - a +6 ring of strength (left hand)
 I - an uncursed ring of protection from fire
Wands
 z - a wand of random effects (23)
 D - a wand of disintegration (8)
Scrolls
 e - 5 scrolls of teleportation
 l - 2 scrolls of enchant weapon
 C - 2 scrolls of remove curse
Potions
 d - a potion of magic
 f - 5 potions of heal wounds
 h - 2 potions of resistance
 i - 3 potions of haste
 j - 3 potions of invisibility
 n - 8 potions of brilliance
 o - a potion of might
 r - a potion of stabbing
 u - a potion of flight
 w - 2 potions of curing
 A - 2 potions of ambrosia


   Skills:
 + Level 6.5 Fighting
 + Level 6.0 Maces & Flails
 - Level 6.0 Armour
 + Level 5.3 Dodging
 - Level 2.1 Stealth
 + Level 7.7 Spellcasting
 + Level 8.4 Conjurations
   Level 0.7 Transmutations
 + Level 10.3 Earth Magic
 + Level 3.5 Evocations


You had 16 spell levels left.
You knew the following spells:

 Your Spells              Type           Power        Failure   Level
a - Sandblast             Erth           #####.       1%          1
b - Stone Arrow           Conj/Erth      #####.       1%          3
c - Lee's Rapid Deconstr  Erth           #####.....   1%          5

Your spell library contained the following spells:

 Spells                   Type           Power        Failure   Level
 Frozen Ramparts          Ice            #.....       11%         3
 Magic Dart               Conj           ####         1%          1
 Passwall                 Tmut/Erth      ####....     1%          2
 Conjure Flame            Conj/Fire      ###.....     1%          3
 Mephitic Cloud           Conj/Pois/Air  ###.....     3%          3
 Ignite Poison            Fire/Tmut/Pois #.......     9%          3
 Sting                    Tmut/Pois      #...         11%         1
 Apportation              Tloc           #.....       12%         1
 Summon Small Mammal      Summ           #...         12%         1
 Petrify                  Tmut/Erth      ####....     13%         4
 Blink                    Tloc           N/A          19%         2
 Call Imp                 Summ           #.......     19%         2
 Poisonous Vapours        Pois/Air       #.....       19%         2
 Slow                     Hex            #.......     19%         2
 Olgreb's Toxic Radiance  Pois           #.......     30%         4
 Call Canine Familiar     Summ           #.......     36%         3
 Lesser Beckoning         Tloc           #.........   36%         3
 Summon Guardian Golem    Hex/Summ       #.......     36%         3
 Tukima's Dance           Hex            #.......     36%         3
 Summon Ice Beast         Ice/Summ       #.......     77%         4
 Summon Lightning Spire   Summ/Air       #.......     77%         4
 Alistair's Intoxication  Tmut/Pois      #........    96%         5
 Invisibility             Hex            #.......     100%        6


Dungeon Overview and Level Annotations

Branches:
Dungeon (11/15)            Temple (1/1) D:7            Lair (0/6) D:9
    Orc (0/2) D:10

Altars:
Ashenzari
Cheibriados
Elyvilon
Fedhas
Hepliaklqana
Makhleb
Nemelex Xobeh
Okawaru
Qazlal
Ru
Sif Muna
Trog
Uskayaw
Vehumet
Wu Jian
Xom
Zin
The Shining One

Shops:
D:3 *

Annotations:
D:7 2 transporters


Innate Abilities, Weirdness & Mutations

You are resistant to torment.
Your stone body is resilient. (AC +8)
You are immune to poison.
You resist negative energy. (rN+)
You are resistant to electric shocks. (rElec)
You can survive without breathing.
You are immune to petrification.
You are immune to rotting.
You have sharp toenails.
You are agile. (Dex +2)
Your body sometimes deteriorates upon taking damage.
Your muscles are strong. (Str +2)


Message History

Aiming: Stone Arrow (safe; 1% risk of failure)
Press: ? - help, Shift-Dir - straight line, f - centaur
Aim: a centaur, quivering 30 arrows and carrying a wand of polymorph (3) (almost dead)
The stone arrow hits the centaur!
You kill the centaur!
Vehumet accepts your kill.
You feel your power returning. The boulder beetle bites you!
Evoke which item? (* to show all) (? for menu, Esc to quit)
Aiming: Disintegrate
Press: ? - help, Shift-Dir - straight line, f - boulder beetle
Aim: a boulder beetle (chance to defeat MR: 64%)
The boulder beetle struggles to resist.
The boulder beetle bites you!
* * * LOW HITPOINT WARNING * * *
Unknown command.
Evoke which item? (* to show all) (? for menu, Esc to quit)
Aiming: Disintegrate
Press: ? - help, Shift-Dir - straight line, f/p - boulder beetle
Aim: a boulder beetle (chance to defeat MR: 64%)
The boulder beetle is blasted!
The boulder beetle bites you!!
You die...

##....(..))()(..#
##.........#).(.#
##....#.......(.#
##....####....).#
####..# #.#....########
..##.#####.#†..).......#
..........†.............
##...[...†#####)B#####..
.....###..# #...@..#
###..#...## #......##
###..#.## #............
#.....# #......##....
##.#..## #......##.###
...#..#######.........
.#.......^............
.#........##.......##.#
.#............}....##.#


You could see a boulder beetle.

Vanquished Creatures
  Josephine (D:10)
  Harold (D:9)
  Erica (D:10)
  An ugly thing (D:10)
  A manticore (D:11)
  Psyche (D:8)
  Maggie (D:8)
  A hornet (D:9)
  A troll (D:10)
  5 wraiths (D:10)
  Sigmund (D:3)
  8 yaks
  Duvessa (D:7)
  A water moccasin (D:9)
  Purgy (D:3)
  A sky beast (D:9)
  3 ice beasts
  3 black bears
  8 orc warriors
  4 ogres
  8 centaurs
  A necrophage (D:11)
  2 big kobolds
  7 bullfrogs
  Dowan (D:7)
  3 scorpions
  13 killer bees
  10 wights
  2 howler monkeys
  A quasit (D:9)
  2 bullfrog zombies
  5 hounds
  3 jellies
  5 orc priests
  A centaur skeleton (D:9)
  3 bullfrog skeletons
  14 orc wizards
  Jessica (D:3)
  4 iguanas
  10 worker ants
  2 worker ant zombies
  13 adders
  A shadow imp (D:5)
  An ooze (D:2)
  2 adder zombies
  2 worms
  6 leopard geckos
  68 orcs
  6 bats
  5 giant cockroaches
  10 goblins
  5 hobgoblins (D:1)
  19 jackals
  14 kobolds
  7 quokkas
  4 ball pythons
  7 frilled lizards
  2 leopard gecko zombies
  6 rats
321 creatures vanquished.

Vanquished Creatures (others)
  2 centaurs (D:11)
  7 plants
9 creatures vanquished.

Grand Total: 330 creatures vanquished

Notes
Turn   | Place    | Note
-------+----------+-------------------------------------------
     0 | D:1      | Birvald the Gargoyle Earth Elementalist began the quest for
                  | the Orb.
     0 | D:1      | Reached XP level 1. HP: 10/10 MP: 3/3
   387 | D:1      | Reached XP level 2. HP: 15/15 MP: 3/5
   389 | D:1      | Reached skill level 4 in Earth Magic
  1205 | D:2      | Found a faded altar of an unknown god.
  1512 | D:1      | Reached XP level 3. HP: 7/19 MP: 4/6
  1714 | D:1      | Learned a level 3 spell: Stone Arrow
  2257 | D:2      | Reached skill level 1 in Conjurations
  2289 | D:2      | Reached XP level 4. HP: 21/24 MP: 6/8
  2576 | D:2      | You fall into a shaft and drop 2 floors!
  2577 | D:4      | Noticed a fire elemental
  2580 | D:4      | Found a stormy altar of Qazlal.
  2717 | D:3      | Noticed Purgy
  2752 | D:3      | Noticed Jessica
  2759 | D:3      | Killed Jessica
  2759 | D:3      | Reached skill level 5 in Earth Magic
  2789 | D:3      | Found a blossoming altar of Fedhas.
  3044 | D:3      | Found Zin's Purification Station.
  3047 | D:3      | Found a glowing silver altar of Zin.
  3083 | D:3      | Noticed Sigmund
  3089 | D:3      | Killed Sigmund
  3089 | D:3      | Reached XP level 5. HP: 28/28 MP: 2/10
  3089 | D:3      | Reached XP level 6. HP: 32/32 MP: 2/11
  3517 | D:3      | Learned a level 5 spell: Lee's Rapid Deconstruction
  3591 | D:3      | Found a sacrificial altar of Ru.
  3717 | D:3      | Killed Purgy
  3717 | D:3      | Reached skill level 6 in Earth Magic
  4143 | D:4      | Reached XP level 7. HP: 36/36 MP: 13/13
  4222 | D:4      | Noticed an air elemental
  4260 | D:4      | Got a translucent dagger
  4261 | D:4      | Identified the +2 dagger "Noimomeyn" {freeze, rN+} (You
                  | found it on level 4 of the Dungeon)
  4502 | D:4      | You fall into a shaft and drop 3 floors!
  4573 | D:7      | Found an ornate altar of the Wu Jian Council.
  4585 | D:7      | Noticed a deep elf archer
  4585 | D:7      | Noticed a vampire mosquito
  4619 | D:7      | Reached skill level 7 in Earth Magic
  4634 | D:7      | Reached skill level 5 in Spellcasting
  4736 | D:6      | Reached XP level 8. HP: 41/41 MP: 15/15
  4840 | D:6      | Reached skill level 5 in Conjurations
  5040 | D:5      | Entered Level 5 of the Dungeon
  5055 | D:5      | Reached skill level 1 in Fighting
  5094 | D:5      | Reached skill level 1 in Maces & Flails
  5094 | D:5      | Reached skill level 1 in Armour
  5222 | D:4      | Noticed a water elemental
  5593 | D:5      | Found a shimmering altar of Xom.
  5618 | D:5      | Found a shimmering altar of Xom.
  5706 | D:5      | Found a broken altar of Ashenzari.
  6308 | D:6      | Got a slimy trident
  6309 | D:6      | Identified the +9 trident of Ebben {vamp, rElec rF+ rC-
                  | Stlth+} (You found it on level 6 of the Dungeon)
  6546 | D:7      | Found a staircase to the Ecumenical Temple.
  6562 | Temple   | Entered the Ecumenical Temple
  6572 | Temple   | Became a worshipper of Vehumet
  6663 | D:7      | Noticed Dowan
  6663 | D:7      | Noticed Duvessa
  6673 | D:7      | Killed Duvessa
  6673 | D:7      | Reached XP level 9. HP: 40/49 MP: 17/17
  6679 | D:7      | Killed Dowan
  6679 | D:7      | Reached skill level 8 in Earth Magic
  6727 | D:7      | Found a transporter.
  6733 | D:7      | Found a transporter.
  6743 | D:7      | Found a snail-covered altar of Cheibriados.
  6843 | D:7      | Identified a scroll of acquirement
  6843 | D:7      | Acquired 1029 gold pieces
  6914 | D:7      | Found a faded altar of an unknown god.
  6914 | D:7      | Found a faded altar of an unknown god.
  6919 | D:7      | Found a glowing golden altar of the Shining One.
  6921 | D:7      | Found an iron altar of Okawaru.
  6922 | D:7      | Found a hide-covered altar of Uskayaw.
  7119 | D:8      | Noticed Psyche
  7130 | D:8      | Killed Psyche
  7278 | D:8      | Noticed Maggie
  7286 | D:8      | Killed Maggie
  7754 | D:8      | Reached * piety under Vehumet
  7754 | D:8      | Offered knowledge of Freeze by Vehumet.
  8008 | D:9      | Reached XP level 10. HP: 49/56 MP: 19/19
  8096 | D:9      | Reached skill level 9 in Earth Magic
  8108 | D:9      | Offered knowledge of Shock by Vehumet.
  8199 | D:9      | Reached ** piety under Vehumet
  8364 | D:9      | Noticed Harold
  8384 | D:9      | Killed Harold
  8384 | D:9      | Reached skill level 5 in Fighting
  8384 | D:9      | Reached skill level 5 in Armour
  8384 | D:9      | Reached skill level 1 in Evocations
  8656 | D:9      | Found a staircase to the Lair.
  8813 | D:10     | Entered Level 10 of the Dungeon
  9202 | D:10     | Reached XP level 11. HP: 62/64 MP: 20/21
  9298 | D:10     | Reached skill level 5 in Maces & Flails
  9315 | D:10     | Offered knowledge of Inner Flame by Vehumet.
  9507 | D:10     | Found an iron altar of Okawaru.
  9521 | D:10     | Noticed Erica
  9543 | D:10     | Killed Erica
  9543 | D:10     | Reached *** piety under Vehumet
  9778 | D:10     | Offered knowledge of Dazzling Flash by Vehumet.
  9967 | D:10     | Found a staircase to the Orcish Mines.
 10115 | D:10     | Noticed Josephine
 10122 | D:10     | Killed Josephine
 10122 | D:10     | Reached skill level 5 in Dodging
 10129 | D:10     | Reached skill level 10 in Earth Magic
 10487 | D:11     | Noticed a red ugly thing
 10490 | D:11     | Noticed a manticore
 10505 | D:10     | Killed a red ugly thing
 10505 | D:10     | Reached **** piety under Vehumet
 10587 | D:11     | Killed a manticore
 10651 | D:11     | Gained mutation: You have sharp toenails. [potion of
                  | mutation]
 10651 | D:11     | Gained mutation: Your body sometimes deteriorates upon
                  | taking damage. [potion of mutation]
 10651 | D:11     | Gained mutation: You are agile. (Dex +2) [potion of
                  | mutation]
 10651 | D:11     | Gained mutation: Your muscles are strong. (Str +2) [potion
                  | of mutation]
 10826 | D:11     | Offered knowledge of Frozen Ramparts by Vehumet.
 10848 | D:11     | Noticed a boulder beetle
 10864 | D:11     | Slain by a boulder beetle

Illustrated notes

Levels and vault maps discovered:
D:1:      lightli_arrival_farm, layout_basic
D:2:      layout_loops_corners, chequers_ecumenical_altar_simple,
          kennysheep_generic_room_12
D:3:      layout_loops_ring, fedhas_altar_4, zin_purify, corexii_shack,
          roderic_lattice_a, nicolae_ru_great_annihilating_truth, uniq_jessica,
          uniq_sigmund, uniq_purgy
D:4:      layout_rooms, nicolae_qazlal_style_of_elements
D:5:      layout_basic, marbit_many_paths, xom_redecorated
D:6:      layout_basic, hangedman_abyss_or_decor_stagger, st_stairs_3
D:7:      layout_rooms, kennysheep_little_box, gammafunk_temple_overflow_arena,
          chequers_temple_overflow_minitemple, minmay_temple_entry_arrows,
          serial_curves, eino_curves_02, eino_curves_03,
          mrwooster_statue_mirror, uniq_duvessa
D:8:      layout_loops_corners, uniq_psyche, uniq_maggie
D:9:      layout_rooms, dpeg_oklobed_lair, uniq_harold
D:10:     layout_cave_pods, hiddenorc1_lemuel, okawaru_trees_1, uniq_erica,
          uniq_josephine
D:11:     lemuel_insect_pit, layout_rooms
Temple:   eino_temple_lava

Skill      XL: |  1  2  3  4  5  6  7  8  9 10 11 |
---------------+----------------------------------+-----
Earth Magic    | 4 5 6 7 8 9 10 | 10.3
Conjurations   | 1 3 4 5 6 7 8 |  8.4
Spellcasting   | 3 4 5 6 7 |  7.7
Fighting       | 2 4 5 6 |  6.5
Maces & Flails | 2 3 4 6 |  6.0
Armour         | 2 4 5 6 |  6.0
Dodging        | 2 3 4 5 |  5.3
Evocations     | 2 3 |  3.5
Stealth        | |  2.1
Transmutations | |  0.7

Action                   |  1- 3 |  4- 6 |  7- 9 | 10-12 || total
-------------------------+-------+-------+-------+-------++-------
Melee: Unarmed           |    27 |       |       |       ||    27
       Club              |   100 |       |       |       ||   100
       Short sword       |       |    38 |       |       ||    38
       Whip              |       |   116 |   253 |       ||   369
       Trident           |       |       |   124 |   383 ||   507
 Cast: Sandblast         |    20 |    12 |    15 |     6 ||    53
       Stone Arrow       |       |     5 |     8 |    31 ||    44
       Lee's Rapid Decon |       |       |     3 |    36 ||    39
Evoke: Wand              |       |       |       |     6 ||     6
  Use: Scroll            |       |    11 |    11 |     4 ||    26
       Potion            |       |       |       |     2 ||     2
 Stab: Sleeping          |     1 |     3 |    10 |       ||    14
       Paralysed         |       |     1 |       |       ||     1
       Distracted        |       |       |     1 |       ||     1
Armor: Robe              |    66 |    72 |       |       ||   138
       Troll leather arm |       |     9 |   205 |   373 ||   587
Dodge: Dodged            |   130 |   148 |   246 |   520 ||  1044

Table legend: (Time is in decaauts)
 A = Elapsed time spent in this place.
 B = Non-inter-level travel time spent in this place.
 C = Inter-level travel time spent in this place.
 D = Time resting spent in this place.
 E = Time spent auto-exploring this place.
 F = Levels seen in this place.
 G = Mean time per level.
                   A        B        C        D        E       F      G
               +--------+--------+--------+--------+--------+-----+--------+
         Total |  11134 |  10830 |    304 |   1364 |   6579 |  12 |  927.8 |
       Dungeon |  11116 |  10820 |    296 |   1364 |   6579 |  11 | 1010.5 |
        Temple |     18 |     10 |      8 |      0 |      0 |   1 |   18.0 |
               +--------+--------+--------+--------+--------+-----+--------+

Top non-repeatable levels by time:
     D:2: 1613 daAuts
    D:10: 1567 daAuts
     D:1: 1322 daAuts
     D:3: 1227 daAuts
     D:9: 1166 daAuts
     D:6: 998 daAuts
     D:8: 921 daAuts
     D:5: 682 daAuts
     D:7: 670 daAuts
     D:4: 625 daAuts
    D:11: 321 daAuts
  Temple: 18 daAuts
